cohdb
Replays
Latest Replays
All Replays
Popular Replays
Top Player Replays
Match Explorer
How It Works
Community
CoH3 Stats
Reddit
Sign in to upload your games and track your stats! →
Sign in with Steam
Match 42631878
Unlisted
Match 42631878
Overview
Messages
Build Orders
End
Construct Infanterie Kompanie
Kettenkrad Recon Vehicle
MG 42 Machine Gun Team
MG 42 Machine Gun Team
MG 42 Machine Gun Team
GrW 34 Mortar Team
Construct Panzergrenadier Kompanie
251 Medium Carrier
Selects Mechanized Battlegroup
Selects Raid Package
Panzergrenadier Squad
Pak 40 Anti-tank Gun Team
Selects StuG Assault Group
StuG Assault Group
Pioneer Squad
AI Takeover
djkeenan
Dave
MCSavarino
jorge7289
0
0
Comments
sign in to comment!
No comments posted yet!